 Dungeon Crawl Stone Soup version 0.18-a0-1229-ge9a1a01 (webtiles) character file.

12833 Kidiri the Blocker (level 11, -5/94 HPs)
             Began as a Minotaur Fighter on Feb 2, 2016.
             Was a High Priest of Okawaru.
             Splashed by an oklob plant's acid (13 damage)
             ... on level 2 of the Lair of Beasts on Feb 4, 2016.
             The game lasted 00:36:26 (13373 turns).

Kidiri the Blocker (Minotaur Fighter)              Turns: 13373, Time: 00:36:27

Health: -5/94      AC:  0    Str: 26    XL:     11   Next: 67%
Magic:  11/13      EV: 17    Int:  8    God:    Okawaru [*****.]
Gold:   578        SH: 20    Dex: 12    Spells: 0 memorised, 10 levels left

rFire  . . .     SeeInvis .     C - +1 long sword "Tom Medu" {flame, Str+4 Int+3}
rCold  + . .     Gourm    .     H - +3 scale mail
rNeg   + . .     Faith    .     c - +1 shield
rPois  .         Spirit   .     (helmet restricted)
rElec  .         Dismiss  .     u - +0 cloak
rCorr  .         Reflect  +     i - +0 pair of gloves
SustAt .         Harm     .     (no boots)
MR     .....                    r - +5 amulet of reflection
Stlth  +.........               y - ring of protection from cold
                                k - ring of positive energy

@: heroism, corroded equipment, not resistant to hostile enchantments, very
unstealthy
A: retaliatory headbutt, horns 2
a: Heroism, Finesse, Renounce Religion


You were on level 2 of the Lair of Beasts.
You worshipped Okawaru.
Okawaru was extremely pleased with you.
You were not hungry.

You visited 3 branches of the dungeon, and saw 11 of its levels.

You collected 578 gold pieces.

Inventory:

Hand Weapons
 a - a +2 flail
 C - the +1 long sword "Tom Medu" (weapon) {flame, Str+4 Int+3}
   (You found it on level 6 of the Dungeon)

   It has been specially enchanted to burn those struck by it, causing extra
   injury to most foes and up to half again as much damage against particularly
   susceptible opponents.
   Big, fiery blades are also staple armaments of hydra-hunters.
   It affects your strength (+4).
   It affects your intelligence (+3).
Armour
 c - a +1 shield (worn)
 i - a +0 pair of gloves (worn)
 q - a +0 plate armour
 u - a +0 cloak (worn)
 H - a +3 scale mail (worn)
Jewellery
 k - a ring of positive energy (left hand)
 o - an uncursed amulet of guardian spirit
 r - a +5 amulet of reflection (around neck)
 y - a ring of protection from cold (right hand)
Wands
 d - a wand of slowing (18/48)
 m - a wand of flame (15/48)
 w - a wand of confusion (10/48)
 x - a wand of paralysis (0/24)
Scrolls
 b - 2 scrolls of holy word
 e - 4 scrolls of fog
 g - a scroll of blinking
 j - a scroll of recharging
 A - a scroll of enchant weapon
 F - a scroll of teleportation
 I - 2 scrolls of fear
 M - a scroll of remove curse
Potions
 p - a potion of agility
 s - a potion of cancellation
 t - a potion of berserk rage
 v - 3 potions of flight {unknown}
 B - a potion of haste {unknown}
 D - a potion of mutation {unknown}
 E - 2 potions of invisibility {unknown}
 G - 4 potions of poison {unknown}
 J - a potion of brilliance {unknown}
 K - 3 potions of magic {unknown}
Comestibles
 f - 10 bread rations
 h - a beef jerky
 l - 5 meat rations
 z - 14 fruits


   Skills:
 + Level 8.1(13.1) Fighting
 * Level 8.1(13.1) Long Blades
 * Level 9.7(14.7) Maces & Flails
 * Level 9.9(14.9) Armour
 * Level 8.2(13.2) Dodging
 * Level 10.4(15.4) Shields
 + Level 5.1 Invocations
 + Level 0.8 Evocations


You had 10 spell levels left.
You didn't know any spells.

Dungeon Overview and Level Annotations

Branches:
Dungeon (8/15)             Temple (1/1) D:4            Lair (2/8) D:8

Altars:
Ashenzari
Cheibriados
Dithmenos
Elyvilon
Gozag
Kikubaaqudgha
Makhleb
Nemelex Xobeh
Okawaru
Pakellas
Qazlal
Ru
Sif Muna
Trog
Vehumet
Zin
The Shining One

Annotations:
Lair:2 exclusion: oklob plant


Innate Abilities, Weirdness & Mutations

You reflexively headbutt those who attack you in melee.
You have a pair of horns on your head.


Message History

You gain the combat prowess of a mighty hero.
You feel slightly more hungry. The oklob plant spits acid at you.
The splash of acid hits you! The acid corrodes you!
The acid burns!
You slash the oklob plant! You burn the oklob plant.
You headbutt the oklob plant!
The oklob plant is almost destroyed.
The oklob plant spits acid at you. The splash of acid hits you!
* * * LOW HITPOINT WARNING * * *
The acid corrodes you!
The acid burns!
* * * LOW HITPOINT WARNING * * *
You hit the oklob plant but do no damage.
You headbutt the oklob plant, but do no damage.
The oklob plant is almost destroyed.
The oklob plant spits acid at you. The splash of acid hits you!
* * * LOW HITPOINT WARNING * * *
The acid corrodes you!
The acid burns!
You die...

...........#.#.P...#..##
..P####....###....##..#
..#####....##P...P##.##
#.#........##.P.P.##.#
...........#P....P##.#
..P........#.#.P.#####
.P.).......###.P.# .#
.P#........# #.P.#PP#
..#........# #..@.P#
...........##...P..#
...........##...P..#
...........##.#....PP
...........####P..P.##
..#........# ##P.P.#
.#.........# #...##
..#........# #.PP#
....###.##.#


You could see an oklob plant.

Vanquished Creatures
  A hydra (Lair:2)
  3 oklob plants (Lair:2)
  2 black mambas (Lair:2)
  A komodo dragon (Lair:1)
  6 spiny frogs
  A blink frog (Lair:2)
  A spriggan (D:7)
  13 yaks
  Eustachio (D:5)
  7 hippogriffs
  5 wolves (Lair:1)
  A porcupine (Lair:1)
  5 water moccasins
  3 orc warriors
  3 sky beasts
  An ice beast (D:8)
  3 ogres
  4 crocodiles
  A big kobold (D:7)
  10 giant frogs
  3 scorpions
  7 killer bees
  A giant frog zombie (D:5)
  4 crimson imps
  5 hounds
  A quasit (D:8)
  2 jellies
  An orc priest (D:6)
  2 giant frog skeletons
  4 iguanas
  Jessica (D:2)
  Terence (D:2)
  7 orc wizards
  5 worker ants
  8 sheep
  A hound zombie (D:8)
  The ghost of asdu the Caller, a weakling DESu (D:4)
  A worker ant zombie (D:7)
  4 gnolls (D:5)
  8 adders
  14 river rats
  3 adder skeletons
  3 worms (D:3)
  4 giant geckos
  26 orcs
  3 giant cockroaches
  16 goblins
  9 hobgoblins
  13 jackals
  18 kobolds
  5 quokkas
  A ball python (D:3)
  9 bats
  A giant cockroach zombie (D:5)
  5 giant newts
  A jackal zombie (D:6)
  A quokka skeleton (D:4)
  A quokka zombie (D:6)
  12 rats
284 creatures vanquished.

Vanquished Creatures (others)
  An orc (D:8)
  A kobold (D:5)
  2 fungi (Lair:2)
  17 plants (Lair:2)
21 creatures vanquished.

Grand Total: 305 creatures vanquished

Notes
Turn   | Place    | Note
--------------------------------------------------------------
     0 | D:1      | Kidiri the Minotaur Fighter began the quest for the Orb.
     0 | D:1      | Reached XP level 1. HP: 19/19 MP: 0/0
   316 | D:1      | Reached XP level 2. HP: 27/27 MP: 1/1
  1046 | D:2      | Reached skill level 4 in Armour
  1046 | D:2      | Reached skill level 1 in Dodging
  1143 | D:2      | Reached XP level 3. HP: 33/33 MP: 2/2
  1435 | D:2      | Noticed Terence
  1459 | D:2      | Killed Terence
  1459 | D:2      | Reached XP level 4. HP: 12/40 MP: 3/3
  1718 | D:2      | Noticed Jessica
  1729 | D:2      | Killed Jessica
  2230 | D:2      | Reached XP level 5. HP: 46/46 MP: 4/4
  2338 | D:2      | Found an iron altar of Okawaru.
  2362 | D:2      | Became a worshipper of Warmaster Okawaru
  3919 | D:4      | Noticed asdu's ghost (weakling DESu)
  3921 | D:4      | Killed asdu's ghost
  4100 | D:4      | Reached XP level 6. HP: 53/53 MP: 5/5
  4108 | D:4      | Found a staircase to the Ecumenical Temple.
  4127 | D:4      | Reached skill level 5 in Shields
  4133 | D:4      | Reached skill level 5 in Armour
  4133 | D:4      | Reached skill level 1 in Invocations
  4405 | D:4      | Found a bloodstained altar of Trog.
  4464 | D:4      | Reached XP level 7. HP: 57/60 MP: 6/6
  4849 | D:4      | Reached skill level 5 in Maces & Flails
  4882 | D:4      | Reached * piety under Okawaru
  5166 | Temple   | Entered the Ecumenical Temple
  5540 | D:4      | Upgraded the game from 0.18-a0-1211-g828307d to 0.18-a0-1229-ge9a1a01
  5556 | D:5      | Entered Level 5 of the Dungeon
  5577 | D:5      | Reached skill level 5 in Fighting
  5583 | D:5      | HP: 2/61 [ogre/giant club (12)]
  5865 | D:5      | Found a snail-covered altar of Cheibriados.
  6014 | D:5      | Noticed Eustachio
  6023 | D:5      | Killed Eustachio
  6244 | D:5      | Found a glowing golden altar of the Shining One.
  6501 | D:5      | Reached skill level 6 in Armour
  6505 | D:5      | Reached XP level 8. HP: 69/69 MP: 5/8
  6725 | D:6      | Reached ** piety under Okawaru
  6991 | D:6      | Noticed a blizzard demon
  6992 | D:6      | Found a burning altar of Makhleb.
  6995 | D:6      | Found a glowing silver altar of Zin.
  6995 | D:6      | Noticed an angel
  7173 | D:6      | Got a crystal long sword
  7174 | D:6      | Identified the +1 long sword "Tom Medu" {flame, Str+4 Int+3} (You found it on level 6 of the Dungeon)
  7361 | D:6      | Found a radiant altar of Vehumet.
  7552 | D:7      | Reached skill level 1 in Long Blades
  7828 | D:7      | Reached skill level 5 in Dodging
  7917 | D:7      | Reached skill level 7 in Shields
  8181 | D:7      | Reached XP level 9. HP: 65/75 MP: 10/10
  8186 | D:7      | Found a white marble altar of Elyvilon.
  8388 | D:7      | Reached *** piety under Okawaru
  8678 | D:8      | Noticed a spiny frog
  8688 | D:8      | Killed a spiny frog
  8707 | D:8      | Reached skill level 8 in Armour
  8965 | D:8      | Found a staircase to the Lair.
  9327 | D:8      | Reached skill level 5 in Long Blades
  9556 | D:8      | Reached **** piety under Okawaru
  9571 | D:8      | Reached XP level 10. HP: 84/84 MP: 11/11
  9827 | Lair:1   | Entered Level 1 of the Lair of Beasts
  9827 | Lair:1   | Noticed a spiny frog
  9833 | Lair:1   | Killed a spiny frog
 10028 | Lair:1   | Reached skill level 9 in Shields
 10068 | Lair:1   | Reached ***** piety under Okawaru
 10805 | Lair:2   | Noticed a spiny frog
 10811 | Lair:2   | Killed a spiny frog
 11156 | Lair:2   | Reached XP level 11. HP: 87/92 MP: 13/13
 11352 | Lair:2   | Received a gift from Okawaru
 11666 | Lair:2   | Reached skill level 10 in Shields
 12167 | Lair:2   | Noticed an oklob plant
 12493 | Lair:2   | Reached skill level 5 in Invocations
 12709 | Lair:2   | Noticed an oklob plant
 13077 | Lair:2   | Killed an oklob plant
 13088 | Lair:2   | Killed an oklob plant
 13111 | Lair:2   | Noticed an oklob plant
 13113 | Lair:2   | Noticed an oklob plant
 13214 | Lair:2   | Noticed a six-headed hydra
 13223 | Lair:2   | Killed a two-headed hydra
 13365 | Lair:2   | Killed an oklob plant
 13373 | Lair:2   | Splashed by an oklob plant's acid

Vault maps used:
D:1:      dpeg_arrival_rhombus
D:2:      forest_paths, okawaru_metal_pillars_1_2, uniq_terence, uniq_jessica
D:3:      kennysheep_pointless_box, minivault_23
D:4:      kennysheep_goblin_castle, minmay_temple_entry_statues_fountains,
          first_bread, trog_butcher_becter
D:5:      overflow_temple_1_default, cheibriados_altar_wand_db, kennysheep_dice,
          uniq_eustachio
D:6:      grunt_temple_overflow_order_and_chaos_2, lemuel_coloured_pillars_altar
D:7:      kennysheep_mini_moat, the_bakery, minmay_bad_closet
D:8:      dpeg_lair_monsters
Temple:   triangle_lava_temple_11
Lair:2:   minmay_lair_oklob_tunnel, lemuel_fruit_tree

Action                   |  1- 3 |  4- 6 |  7- 9 | 10-12 || total
-------------------------+-------+-------+-------+-------++-------
Melee: Flail             |    79 |   293 |   144 |       ||   516
       Long sword        |       |       |   203 |   348 ||   551
Throw: Throwing net      |       |       |     1 |     1 ||     2
Invok: Heroism           |       |       |     7 |     8 ||    15
       Finesse           |       |       |       |     2 ||     2
Evoke: Wand              |       |       |       |    15 ||    15
  Use: Scroll            |     4 |     5 |    10 |     4 ||    23
       Potion            |     1 |     2 |     1 |     2 ||     6
 Stab: Held in net/web   |       |       |     1 |     1 ||     2
       Paralysed         |       |       |       |     6 ||     6
       Confused          |       |       |       |     1 ||     1
  Eat: Chunk             |     2 |    10 |    10 |     7 ||    29
       Fruit             |       |       |     8 |       ||     8
       Pizza             |       |       |       |     3 ||     3
       Royal jelly       |       |       |       |     1 ||     1
